Unix NetHack Version 3.7.0-101 Work-in-progress - last build Mar 25 2024 22:18:23 (462964f8eaac915e699fc3a71b43428251fec12b,branch:master). Game began 2024-03-27 17:01:41, ended 2024-03-27 19:37:18. misanthrope, lawful female human Valkyrie ---- |.>-- --- --- |...---.------- |..-- ---- ---..|...||...| ....| -.|.| --..%.+--...| --.... --.*.. |..........| |..... ...?. |.........-- ....- ... ---..|...-- -...| ...- -------- -----..| -.s----....- |..--..| |..| |.@..h...| |......-- --..--- -----....| ---.....| ----.....| ----...|.-- ---...| |........| --....---.. --...-- --........-- |..---- -.. |.....---..........-- |.-- -.. ..|........---.--....--|.| .= -.---.-.....-------.....|.| -- -- --....[...............| -----.---------.|.---- --- ----- Misanthrope the Fighter St:14 Dx:16 Co:16 In:9 Wi:8 Ch:12 Lawful Dlvl:7 $:0 HP:0(71) Pw:15(15) AC:-3 Xp:8/1497 T:5414 Latest messages: The dog misses the dwarf. The dog bites the dwarf. The dwarf wields a dwarvish short sword! The dog misses the dwarf. You swap places with the peaceful dwarf. You hear crashing rock. The dog misses the dwarf. The dog misses the dwarf. You hear crashing rock. The dog misses the dwarf. You are carrying too much to get through. The dog misses the dwarf. The dog misses the dwarf. You hear crashing rock. The dog bites the dwarf. The dwarf thrusts her dwarvish short sword at the dog. The dwarf hits the dog. The dog misses the dwarf. You see here a violet gem. The dog misses the dwarf. The dog misses the dwarf. p - a violet gem. The dog misses the dwarf. You see here a pair of low boots. The dog misses the dwarf. The dog misses the dwarf. The dog misses the dwarf. You hear some noises in the distance. You hear some noises in the distance. You miss the giant spider. The giant spider bites! You hit the giant spider. You miss the giant spider. The giant spider bites! The giant spider's bite was poisoned! You miss the giant spider. The giant spider misses! You hit the giant spider. You hit the giant spider! The giant spider bites! You hit the giant spider. The giant spider bites! You miss the giant spider. The giant spider bites! The giant spider bites! You miss the giant spider. The giant spider bites! The giant spider's bite was poisoned! You die... Do you want your possessions identified? [ynq] (y) Inventory: Amulets ('"') T - an uncursed amulet of reflection (being worn) Weapons (')') t - an uncursed +0 dwarvish spear (weapon in right hand) r - an uncursed +0 aklys Armor ('[') u - a blessed +0 dwarvish iron helm (being worn) s - an uncursed +0 pair of speed boots (being worn) c - an uncursed +3 small shield (being worn) D - an uncursed +0 dwarvish mithril-coat (being worn) Scrolls ('?') g - an uncursed scroll of enchant weapon Potions ('!') d - a cursed potion of fruit juice j - an uncursed potion of full healing Wands ('/') i - an uncursed wand of striking (0:0) z - an uncursed wand of teleportation (0:6) Tools ('(') w - an uncursed oilskin sack containing 26 items k - an uncursed lock pick named P4326 l - an uncursed oil lamp v - an uncursed towel named Col Stl Spd f - a cursed partly used wax candle Gems/Stones ('*') p - an uncursed amethyst stone m - an uncursed worthless piece of green glass n - an uncursed worthless piece of red glass h - an uncursed worthless piece of yellow glass q - an uncursed luckstone o - an uncursed touchstone Contents of the oilskin sack: 536 gold pieces an uncursed +0 mummy wrapping 2 uncursed food rations a cursed scroll of magic mapping a cursed scroll of gold detection an uncursed scroll of remove curse an uncursed scroll of enchant weapon an uncursed potion of sleeping 2 uncursed potions of healing an uncursed potion of invisibility a blessed potion of extra healing 2 uncursed potions of restore ability an uncursed potion of oil an uncursed potion of water 2 uncursed potions of see invisible an uncursed potion of speed an uncursed ring of shock resistance an uncursed wand of polymorph named empty (0:0) an uncursed worthless piece of black glass a cursed worthless piece of black glass 4 uncursed worthless pieces of blue glass 2 uncursed worthless pieces of orange glass an uncursed worthless piece of violet glass a cursed opal a cursed worthless piece of red glass an uncursed luckstone Misanthrope the Valkyrie's attributes: Background: You were a Fighter, a level 8 human Valkyrie. You were lawful, on a mission for Tyr who was opposed by Odin (neutral) and Loki (chaotic). You were right-handed. You were in the Gnomish Mines, on level 7. You entered the dungeon 5414 turns ago. You had 1497 experience points, 1063 more were needed to attain level 9. Basics: You had 0 out of 71 hit points. You had all 15 energy points (spell power). Your armor class was -3. Your wallet was empty, but you had 536 zorkmids stashed away in your pack. Autopickup was off. Final Characteristics: Your strength was 14 (peak:17, limit:18/100). Your dexterity was 16 (limit:18). Your constitution was 16 (peak:17, limit:18). Your intelligence was 9 (limit:18). Your wisdom was 8 (limit:18). Your charisma was 12 (limit:18). Final Status: You weren't hungry. You were unencumbered. You were wielding a spear. You had basic skill with spear and could have enhanced that. Final Attributes: You were piously aligned. You were cold resistant. You were stealthy. You were guarded. You were very fast. You had reflection. You were lucky. You had extra luck. Bad luck did not time out for you. Good luck did not time out for you. You are dead. Miscellaneous: You never encountered a bones level. Total elapsed playing time was 2 hours, 19 minutes and 19 seconds. Major events: Turn 1: misanthrope the lawful human Valkyrie entered the dungeon 838: entered the Gnomish Mines 844: attained the rank of Skirmisher (level 3) 3096: attained the rank of Fighter (level 6) 4144: reached Mine Town 5414: killed by a giant spider Vanquished creatures: a flesh golem a winter wolf a small mimic an ettin zombie 5 wolves a gremlin a leprechaun 2 giant spiders a werewolf a dingo a gnome mummy an imp a wood nymph 2 rock piercers a pony 2 yellow lights 10 gnome leaders 3 gnomish wizards an elf zombie a ghoul 4 giant ants 2 little dogs 4 floating eyes 4 dwarves a homunculus a kobold leader 2 kobold shamans 4 hill orcs 5 rothes a rabid rat 3 giant bats a monkey an orc zombie 2 iguanas 3 killer bees a hobbit 3 manes 2 large kobolds a brown mold 3 yellow molds a red mold 37 gnomes a gnome zombie 4 geckos 5 jackals a fox 2 kobolds 3 goblins a sewer rat 8 grid bugs 6 bats 6 lichens a kobold zombie 6 newts 168 creatures vanquished. No species were genocided or became extinct. Voluntary challenges: You read items or engraved 10 times. You engraved Elbereth 2 times. You never genocided any monsters. You never polymorphed an object. You never changed form. You used no wishes. Achievements: You entered the Gnomish Mines. You attained the rank of Skirmisher. You entered a shop. You attained the rank of Fighter. You entered Minetown. You entered a temple. The Dungeons of Doom: levels 1 to 6 Level 1: Level 2: A fountain, a grave. Stairs down to The Gnomish Mines. Level 3: A general store. Level 4: "vault" An altar, a fountain, a grave. Level 5: An altar, some fountains. Level 6: The Gnomish Mines: levels 3 to 8 Level 3: Level 4: Level 5: Many shops, a temple and an altar, some fountains. Level 6: Level 7: <- You were here. Final resting place for you, killed by a giant spider. Level 8: Game over: ---------- / \ / REST \ / IN \ / PEACE \ / \ | misanthrope | | 536 Au | | killed by a | | giant spider | | | | | | 2024 | *| * * * | * _________)/\\_//(\/(/\)/\//\/|_)_______ Farvel misanthrope the Valkyrie... You died in The Gnomish Mines on dungeon level 7 with 6841 points, and 536 pieces of gold, after 5414 moves. You were level 8 with a maximum of 71 hit points when you died.